 Dungeon Crawl Stone Soup version 0.21-a0-394-gdc75ea7 (webtiles) character file.

283 Kavrick the Insei (level 6, -4/43 HPs)
             Began as an Octopode Monk on Oct 18, 2017.
             Slain by Rhok's ghost (13 damage)
             ... on level 4 of the Dungeon.
             The game lasted 00:07:40 (3400 turns).

Kavrick the Insei (Octopode Monk)                   Turns: 3400, Time: 00:07:41

Health: -4/43      AC:  1    Str: 10    XL:     6   Next: 28%
Magic:  6/6        EV: 15    Int: 12    God:
Gold:   144        SH:  0    Dex: 17    Spells: 5/5 levels left

rFire    . . .     SeeInvis .     - Unarmed
rCold    + . .     Gourm    .   (no shield)
rNeg     . . .     Faith    .   (helmet restricted)
rPois    .         Spirit   .   (no amulet)
rElec    .         Reflect  .   r - ring of protection from cold
rCorr    .         Harm     .   (no ring)
MR       .....                  (no ring)
Stlth    ++++......             (no ring)
HPRegen  0.14/turn              (no ring)
MPRegen  0.10/turn              (no ring)
                                (no ring)
                                (no ring)

@: no status effects
A: almost no armour, stealthy swim, amphibious, 8 rings, constrict 8, camouflage
1, gelatinous body 1
a: no special abilities


You were on level 4 of the Dungeon.
You were not hungry.

You visited 1 branch of the dungeon, and saw 4 of its levels.

You collected 144 gold pieces.

Inventory:

Jewellery
 r - a ring of protection from cold (left tentacle)
Wands
 p - a wand of flame (23/48)
Scrolls
 c - 2 scrolls of immolation
 g - 5 scrolls of teleportation
 h - a scroll of enchant armour {unknown}
 i - a scroll of identify
 k - 2 scrolls of remove curse
 o - a scroll of enchant weapon
Potions
 b - a potion of berserk rage
 e - a potion of agility
 f - 2 potions of heal wounds
 j - a potion of invisibility {unknown}
 l - 2 potions of curing
 n - 3 potions of mutation
 q - a potion of lignification {unknown}
Books
 t - Sif Muna's Guide on the Escort
   (You found it on level 3 of the Dungeon)

   Spells                             Type                      Level
   a - Summon Small Mammal            Summoning                    1
Comestibles
 a - 3 bread rations
 d - 6 fruits
 m - 3 meat rations


   Skills:
 + Level 4.3 Fighting
 + Level 4.2 Dodging
 - Level 3.8 Stealth
 * Level 4.9 Unarmed Combat


You had 5 spell levels left.
You didn't know any spells.

Dungeon Overview and Level Annotations

Branches:
Dungeon (4/15)
 Temple: D:4-7

Altars:
Qazlal
Sif Muna

Annotations:
D:3 KristoblXynda's ghost, amateur DrAr
D:4 Rhok's ghost, amateur MiSk


Innate Abilities, Weirdness & Mutations

You cannot wear most types of armour.
You are very stealthy in the water. (Stealth+)
You are amphibious.
You can wear up to eight rings at the same time.
You can use your tentacles to constrict eight enemies at once.
Your skin changes colour to match your surroundings (Stealth+).
Your rubbery body absorbs attacks. (AC +1, EV +1)


Message History

Rhok's ghost hits you.
You tentacle-slap Rhok's ghost but do no damage.
Your squeeze misses Rhok's ghost.
Rhok's ghost is lightly damaged.
Rhok's ghost misses you.
You barely miss Rhok's ghost.
Rhok's ghost is lightly damaged.
Rhok's ghost closely misses you.
You barely miss Rhok's ghost.
Rhok's ghost is lightly damaged.
Rhok's ghost hits you!
You closely miss Rhok's ghost.
Rhok's ghost is lightly damaged.
Rhok's ghost completely misses you.
You barely miss Rhok's ghost. Your squeeze misses Rhok's ghost.
Rhok's ghost is lightly damaged.
Rhok's ghost hits you!
* * * LOW HITPOINT WARNING * * *
x2 Rhok's ghost hits you!
You die...

##....##..###'#
#.....#.......#
#.....#.......#
#.....#.......#
#.....+.......#
#.....##..##..#
#.....##..##..#
###.............#
.....<)[.@[.....#
###.......W.....#
#####'##......#
##..<.##......#
#......#......#
#..>...#......#
#..)...#......#
#.....######..#
#.....##..##..#


You could see Rhok's ghost.

Vanquished Creatures
  A scorpion (D:4)
  A crimson imp (D:3)
  A hound (D:4)
  2 orc wizards (D:3)
  3 gnolls (D:3)
  An ooze (D:2)
  A dart slug (D:1)
  3 leopard geckos (D:1)
  6 orcs
  7 bats
  4 giant cockroaches
  10 goblins
  9 hobgoblins
  3 jackals (D:1)
  5 kobolds
  2 quokkas (D:2)
  3 ball pythons
  6 frilled lizards
  10 rats
78 creatures vanquished.

Notes
Turn   | Place    | Note
-------+----------+-------------------------------------------
     0 | D:1      | Kavrick the Octopode Monk began the quest for the Orb.
     0 | D:1      | Reached XP level 1. HP: 16/16 MP: 1/1
    46 | D:1      | Reached XP level 2. HP: 21/21 MP: 2/2
   372 | D:1      | Reached XP level 3. HP: 26/26 MP: 3/3
  1390 | D:2      | Reached XP level 4. HP: 30/31 MP: 4/4
  1524 | D:2      | Found a stormy altar of Qazlal.
  2201 | D:3      | Found a deep blue altar of Sif Muna.
  2275 | D:3      | Noticed KristoblXynda's ghost (amateur DrAr)
  2550 | D:3      | Reached XP level 5. HP: 30/37 MP: 5/5
  2858 | D:3      | Identified Sif Muna's Guide on the Escort
  2863 | D:3      | HP: 1/37 [something (2)]
  3182 | D:4      | Reached XP level 6. HP: 38/43 MP: 6/6
  3365 | D:4      | Noticed Rhok's ghost (amateur MiSk)
  3400 | D:4      | Slain by Rhok's ghost

Vault maps used:
D:1:      scummos_arrival_checkerplants, minmay_misc_feat_columns, st_stairs_11,
          minmay_tromino_mix6
D:2:      minivault_14, nicolae_qazlal_eye_of_the_storm
D:3:      minmay_door_path, led_sif_book, first_bread
D:4:      lemuel_upstairs_altar, nicolae_temple_entry_ecumenical

Skill      XL: |  1  2  3  4  5 |
---------------+----------------+-----
Stealth        | 3 |  3.8
Unarmed Combat | 4 |  4.9
Fighting       | 4 |  4.3
Dodging        | 4 |  4.2

Action                   |  1- 3 |  4- 6 || total
-------------------------+-------+-------++-------
Melee: Unarmed           |    91 |   120 ||   211
       Constrict         |    28 |    21 ||    49
       Tentacles         |    10 |    16 ||    26
       Punch             |     2 |     3 ||     5
  Use: Potion            |       |     1 ||     1
       Scroll            |       |    10 ||    10
 Stab: Sleeping          |    14 |    12 ||    26
  Eat: Chunk             |     1 |     7 ||     8
Armor: Skin              |     8 |     5 ||    13
Dodge: Dodged            |    75 |    73 ||   148

Table legend:
 A = Spawn XP
 B = Non-spawn XP
 C = Spawn XP percentage of total XP
 D = Spawn monster count
 E = Non-spawn monster count
 F = Spawn count percentage of total count
 G = Total turns spent on level
                    A         B        C        D         E        F      G
               +---------+---------+-------+---------+---------+-------+---------
         Total |       0 |     405 |   0.0 |       0 |      78 |   0.0 |  3400
               +---------+---------+-------+---------+---------+-------+---------
           D:1 |       0 |      63 |   0.0 |       0 |      35 |   0.0 |  1249
           D:2 |       0 |      36 |   0.0 |       0 |      19 |   0.0 |   476
           D:3 |       0 |     193 |   0.0 |       0 |      21 |   0.0 |  1455
           D:4 |       0 |     113 |   0.0 |       0 |       3 |   0.0 |   220
               +---------+---------+-------+---------+---------+-------+---------
